 Dungeon Crawl Stone Soup version 0.17-a0-1-g1f4be75 (webtiles) character file.

667 eeldvark the Pannier (level 7, 0/56 HPs)
             Began as a Deep Dwarf Artificer on Mar 13, 2015.
             Was an Initiate of Nemelex Xobeh.
             Slain by Fusha's ghost (1 damage)
             ... on level 5 of the Dungeon.
             The game lasted 00:27:10 (3216 turns).

eeldvark the Pannier (Deep Dwarf Artificer)         Turns: 3216, Time: 00:27:10

Health: 0/56       AC:  6    Str: 17    XL:     7   Next: 31%
Magic:  13/13      EV: 13    Int: 13    God:    Nemelex Xobeh [......]
Gold:   331        SH:  0    Dex: 15    Spells: 0 memorised, 6 levels left

rFire  . . .     SeeInvis .     B - +1 scythe
rCold  . . .     Clarity  .     h - +0 ring mail {MR+}
rNeg   + . .     SustAb   .     (no shield)
rPois  .         Gourm    .     (no helmet)
rElec  .         Spirit   .     s - +0 cloak
rCorr  .         Warding  +     (no gloves)
rMut   .         Stasis   .     (no boots)
MR     ++...                    C - amulet of warding
Stlth  +++.......               k - ring of stealth
                                q - +3 ring of strength

@: non-regenerating, invisible, very resistant to hostile enchantments, fairly
stealthy
A: damage resistance, recharge devices, sense surroundings 1, slow healing 3
a: Device Recharging, Renounce Religion


You were on level 5 of the Dungeon.
You worshipped Nemelex Xobeh.
Nemelex Xobeh was noncommittal.
You were hungry.

You visited 2 branches of the dungeon, and saw 6 of its levels.

You collected 331 gold pieces.

Inventory:

Hand weapons
 a - a +0 hand axe
 B - a +1 scythe (weapon)
 D - a +0 hunting sling
Missiles
 y - 24 stones (quivered)
Armour
 e - a +0 leather armour
 h - a +0 ring mail of magic resistance (worn)
 s - a +0 cloak (worn)
Jewellery
 k - a ring of stealth (right hand)
 q - a +3 ring of strength (left hand)
 C - an amulet of warding (around neck)
 F - an uncursed ring of flight
Magical devices
 b - a wand of flame (0)
 c - a wand of enslavement (14)
 d - a wand of random effects (14)
 f - a wand of heal wounds (0)
 A - a wand of frost (31)
Scrolls
 i - a scroll of teleportation {unknown}
 j - a scroll of magic mapping {unknown}
 n - 3 scrolls of remove curse
 o - a scroll of amnesia {unknown}
 t - a scroll of enchant weapon
 v - 2 scrolls of identify
Potions
 l - a potion of heal wounds {unknown}
 m - a potion of flight
 u - a potion of might {unknown}
 w - a potion of haste {unknown}
Miscellaneous
 E - a plain deck of destruction {drawn: 3}
Comestibles
 g - 6 bread rations
 r - 3 fruits
 z - 2 meat rations


   Skills:
 - Level 0.8 Fighting
   Level 0.8 Short Blades
 * Level 5.7 Axes
 + Level 0.0 Armour
 + Level 4.2 Dodging
 + Level 4.2 Stealth
 + Level 6.3 Evocations


You had 6 spell levels left.
You didn't know any spells.

Dungeon Overview and Level Annotations

Branches:
Dungeon (5/15)             Temple (1/1) D:5

Altars:
Ashenzari
Cheibriados
Dithmenos
Fedhas
Gozag
Kikubaaqudgha
Nemelex Xobeh
Qazlal
Ru
Sif Muna
Trog
Vehumet
Xom
Yredelemnul

Annotations:
D:5 1 exclusion, Edmund; Fusha's ghost, experienced DgSu


Innate Abilities, Weirdness & Mutations

You are resistant to damage.
You can recharge devices by infusing magical energy.
You passively map a small area around you.
You do not heal naturally.


Message History

Your +0 ring mail of magic resistance unmelds from your body.
You feel resistant to hostile enchantments.
The quokka tries to attack you, but flinches away.
Fusha's ghost misses you. The river rat closely misses you.
The quokka barely misses you. Fusha's ghost hits you.
* * * LOW HITPOINT WARNING * * *
The river rat tries to attack you, but flinches away.
Remove which piece of jewellery? (? for menu, Esc to quit)
Okay, then.
Drink which item? (? for menu, Esc to quit)
Okay, then.
Evoke which item? (* to show all) (? for menu, Esc to quit)
Okay, then.
Drink which item? (? for menu, Esc to quit)
You fade into invisibility!
The white imp gestures at you.
The puff of frost hits the river rat.
The quokka misses you. Fusha's ghost hits you.
You die...
Your body disappears without a glow.

#...#.....##### #.#
##..#.....########.#
.#..#..#...........#
((...........[.....#
.#(...............##
##.....##.......###
##.....##......5#
..............5W######
....#.........rr@...<#
.#..##.#.......r######
.#..##.#.......b#
...............##
.#..##.#.#.###.#
.#..##...#.# #.#
.#..##.#.#.# #.#
...........###.#
.............#.#


You could see Fusha's ghost, 2 river rats, 2 white imps, a quokka and a bat.

Vanquished Creatures
  An ogre (D:5)
  A sky beast (D:5)
  Sigmund (D:4)
  3 crimson imps
  An orc priest (D:5)
  A centaur skeleton (D:5)
  An iguana (D:4)
  An orc wizard (D:4)
  A hound skeleton (D:4)
  2 worker ant zombies (D:3)
  4 adders
  A river rat (D:5)
  A giant mite (D:4)
  4 worms
  An adder zombie (D:3)
  2 giant geckos
  An ooze (D:5)
  7 orcs
  A bat zombie (D:3)
  5 giant cockroaches
  4 hobgoblins
  4 jackals (D:2)
  12 kobolds
  3 quokkas
  3 ball pythons
  9 bats
  A giant gecko skeleton (D:3)
  A giant gecko zombie (D:3)
  6 giant newts
  11 goblins
  A jackal skeleton (D:3)
  10 rats
105 creatures vanquished.

Vanquished Creatures (collateral kills)
  An orc (D:5)
1 creature vanquished.

Grand Total: 106 creatures vanquished

Notes
Turn   | Place    | Note
--------------------------------------------------------------
     0 | D:1      | eeldvark, the Deep Dwarf Artificer, began the quest for the Orb.
     0 | D:1      | Reached XP level 1. HP: 16/16 MP: 1/1
   183 | D:1      | Reached XP level 2. HP: 13/24 MP: 3/3
   205 | D:1      | Reached skill level 1 in Axes
   799 | D:2      | Reached XP level 3. HP: 25/30 MP: 5/5
  1385 | D:3      | Reached XP level 4. HP: 28/37 MP: 7/7
  1663 | D:3      | Reached skill level 5 in Evocations
  1795 | D:4      | Reached XP level 5. HP: 17/43 MP: 9/9
  1845 | D:4      | HP: 2/43 [iguana (9)]
  2047 | D:4      | Noticed Sigmund
  2061 | D:4      | Killed Sigmund
  2061 | D:4      | Reached XP level 6. HP: 47/50 MP: 11/11
  2101 | D:4      | Found a shimmering altar of Xom.
  2477 | D:5      | Entered Level 5 of the Dungeon
  2495 | D:5      | Noticed Fusha's ghost (experienced DgSu)
  2540 | D:5      | Reached skill level 5 in Axes
  2595 | D:5      | Reached skill level 6 in Evocations
  2595 | D:5      | Reached XP level 7. HP: 24/56 MP: 11/13
  2608 | D:5      | Found a staircase to the Ecumenical Temple.
  2637 | Temple   | Entered the Ecumenical Temple
  2680 | Temple   | Became a worshipper of Nemelex Xobeh the Trickster
  2698 | D:5      | Received a gift from Nemelex Xobeh
  2800 | D:5      | Noticed Edmund
  3021 | D:5      | Found a stormy altar of Qazlal.
  3215 | D:5      | HP: 1/56 [Fusha's ghost (3)]
  3216 | D:5      | Slain by Fusha's ghost

Action                   |  1- 3 |  4- 6 |  7- 9 || total
-------------------------+-------+-------+-------++-------
Melee: Hand axe          |   208 |   128 |       ||   336
       Short sword       |    15 |       |       ||    15
       Scythe            |       |    37 |    65 ||   102
 Abil: Device Recharging |       |     1 |       ||     1
Evoke: Wand              |     8 |    18 |     6 ||    32
       Deck              |       |       |     3 ||     3
  Use: Scroll            |     1 |     2 |     1 ||     4
       Potion            |       |     3 |     2 ||     5
 Stab: Sleeping          |     3 |     4 |     3 ||    10
  Eat: Chunk             |     2 |     3 |     3 ||     8
